Map: Jagannatha LE

Players

Serral

  • Race: Zerg Zerg
  • League: Master

Lambo - Winner!

  • Race: Zerg Zerg
  • League: Grandmaster

Event: DreamHack SC2 Masters 2021 Summer

VOD

Have the link to the VOD?

Description

Time

  • Played on: June 5, 2021, 10:10 a.m.
  • Length: 9:45

All games in this series

Show
View Real Time Build Order
Export as new Build Order

Serral Zerg 

Build Orders: Hatch First 

Get SALT Encoding   

  12  0:00  Drone  
  13  0:11  Overlord  
  13  0:16  Drone  
  14  0:30  Drone x2  
  16  0:47  Hatchery  
  15  0:50  Drone  
  15  0:54  Drone  
  17  0:57  Drone  
  18  1:08  Extractor  
  17  1:13  Spawning Pool  
  17  1:16  Drone  
  17  1:19  Drone  
  18  1:27  Drone  
  19  1:38  Drone  
  20  1:55  Drone  
  20  1:59  Queen  
  20  2:00  Zergling x2, Queen  
  20  2:01  Overlord  
  26  2:08  Metabolic Boost  
  26  2:10  Drone  
  26  2:11  Drone  
  28  2:21  Drone x2  
  30  2:31  Zergling x2  
  30  2:36  Hatchery  
  30  2:40  Drone  
  31  2:45  Baneling Nest, Drone  
  31  2:50  Overlord  
  31  2:54  Drone  
  31  2:57  Drone  
  33  3:03  Queen  
  35  3:07  Drone  
  35  3:10  Drone x2  
  35  3:12  Drone  
  39  3:15  Zergling x2  
  39  3:18  Zergling x2  
  41  3:21  Overlord  
  41  3:25  Zergling x4  
  43  3:27  Drone  
  43  3:31  Evolution Chamber  
  43  3:32  Drone  
  44  3:42  Drone x5  
  44  3:45  Drone  
  50  3:49  Zergling x2  
  50  3:51  Drone  
  52  3:57  Zerg Missile Weapons Level 1  
  52  3:59  Roach Warren  
  52  4:00  Overlord  
  52  4:02  Drone  
  52  4:05  Drone  
  52  4:06  Drone  
  54  4:11  Drone x2  
  54  4:16  Extractor  
  55  4:17  Extractor, Drone  
  55  4:18  Baneling  
  55  4:20  Drone  
  55  4:24  Overlord  
  55  4:26  Zergling x2, Drone  
  55  4:29  Overlord  
  57  4:34  Overlord  
  57  4:36  Overlord  
  57  4:44  Roach x3  
  63  4:46  Spine Crawler  
  63  4:49  Roach x3  
  63  4:51  Roach  
  69  4:53  Roach  
  69  4:58  Roach x2  
  69  4:59  Baneling  
  75  5:01  Baneling  
  75  5:06  Roach x2  
  79  5:10  Overlord  
  79  5:14  Roach x2  
  79  5:20  Overlord  
  86  5:21  Roach x2  
  86  5:22  Roach  
  90  5:29  Roach x2  
  90  5:30  Roach  
  90  5:32  Overlord  
  98  5:35  Roach x2  
  98  5:42  Zergling x8  
  102  5:45  Zergling x4  
  102  5:46  Zergling x2  
  102  5:49  Ravager  
  105  5:51  Zergling x6  
  105  5:55  Baneling x5  
  105  5:56  Baneling  
  105  5:57  Baneling x2  
  108  6:00  Baneling  
  108  6:02  Zergling x4  
  94  6:18  Zergling x10  
  94  6:19  Zergling x12  
  94  6:25  Zergling x2  
  94  6:26  Zerg Ground Armor Level 1  
  94  6:31  Lair  
  89  6:33  Zergling x6  
  89  6:45  Drone  
  89  6:46  Drone x7  
  98  6:54  Drone x4  
  98  6:58  Ravager  
  98  6:59  Baneling x4  
  102  7:01  Overlord  
  102  7:05  Roach  
  102  7:06  Roach x2  
  107  7:10  Extractor  
  107  7:13  Roach x3  
  112  7:19  Roach x2, Extractor  
  112  7:21  Overlord  
  115  7:27  Drone x3  
  115  7:29  Roach x3  
  124  7:31  Overlord  
  124  7:32  Overseer  
  124  7:38  Drone  
  124  7:39  Drone x2  
  124  7:42  Extractor, Drone x2  
  124  7:43  Roach  
  124  7:44  Roach  
  132  7:47  Glial Reconstitution  
  132  7:48  Overlord  
  132  7:50  Overlord  
  132  7:56  Overlord  
  132  7:58  Overlord  
  132  8:01  Roach x3  
  138  8:09  Drone x2  
  138  8:10  Spire, Drone  
  138  8:12  Drone  
  141  8:14  Drone x2  
  143  8:20  Overlord  
  143  8:23  Drone  
  143  8:26  Roach  
  143  8:27  Roach  
  148  8:30  Roach x2  
  151  8:36  Roach x3  
  156  8:42  Roach x3  
  156  8:46  Roach x2  
  156  8:48  Ravager x2  
  166  8:49  Overlord  
  166  8:52  Roach x2  
  170  8:58  Overlord  
  170  9:00  Overlord  
  170  9:16  Roach x7  
Show
View Real Time Build Order
Export as new Build Order

Lambo Zerg - Winner!

Build Orders: Hatch First 

Get SALT Encoding   

  12  0:00  Drone  
  13  0:12  Overlord  
  13  0:18  Drone  
  14  0:31  Drone x2  
  16  0:48  Hatchery  
  15  0:51  Drone  
  15  0:55  Drone  
  17  0:59  Drone  
  18  1:10  Extractor  
  17  1:13  Spawning Pool  
  17  1:18  Drone  
  17  1:21  Drone  
  18  1:28  Drone  
  19  1:38  Drone  
  20  1:49  Drone  
  21  2:00  Queen x2  
  21  2:01  Zergling x2, Overlord  
  26  2:11  Metabolic Boost, Drone x2  
  28  2:22  Zergling x2, Drone  
  30  2:35  Hatchery  
  29  2:37  Drone  
  29  2:43  Drone  
  31  2:44  Drone  
  31  2:51  Baneling Nest  
  31  2:54  Overlord  
  31  2:58  Drone x2  
  31  3:05  Zergling x2  
  34  3:09  Drone x2  
  34  3:12  Zergling x6  
  39  3:17  Queen  
  41  3:22  Overlord  
  41  3:25  Drone  
  42  3:30  Drone x2  
  43  3:36  Roach Warren  
  43  3:37  Extractor, Drone  
  42  3:43  Evolution Chamber, Drone  
  42  3:45  Drone  
  42  3:48  Drone  
  44  3:49  Drone  
  44  3:51  Drone  
  44  3:53  Drone  
  44  3:55  Drone  
  48  3:56  Drone  
  48  4:00  Drone x2  
  51  4:04  Overlord  
  51  4:07  Drone  
  52  4:14  Overlord  
  52  4:15  Zerg Missile Weapons Level 1  
  52  4:20  Roach  
  52  4:21  Roach  
  56  4:24  Roach  
  56  4:25  Roach x2  
  56  4:28  Overlord  
  62  4:35  Overlord, Drone x2  
  62  4:37  Overlord  
  64  4:39  Drone  
  64  4:40  Drone  
  64  4:41  Drone  
  64  4:43  Drone  
  68  4:49  Drone x4  
  68  4:51  Drone  
  73  4:53  Drone  
  73  4:57  Lair  
  73  4:58  Drone  
  75  5:01  Drone  
  75  5:02  Drone x2  
  75  5:06  Extractor  
  77  5:10  Overlord  
  77  5:13  Drone x3  
  79  5:16  Overlord  
  79  5:17  Roach x2, Extractor x2  
  81  5:21  Roach  
  81  5:23  Drone x2  
  81  5:25  Overlord  
  85  5:31  Extractor, Drone x4  
  88  5:36  Drone  
  88  5:37  Drone x3  
  88  5:38  Overlord  
  88  5:41  Roach  
  94  5:44  Roach, Spine Crawler  
  94  5:47  Spine Crawler  
  95  5:50  Roach, Spine Crawler x2  
  95  5:52  Roach, Ravager  
  95  5:55  Roach x2  
  104  5:57  Roach  
  104  5:58  Baneling x3  
  104  6:01  Baneling x4  
  104  6:03  Roach  
  106  6:05  Roach  
  106  6:08  Roach  
  106  6:10  Roach x2  
  114  6:13  Roach x2  
  114  6:17  Roach  
  108  6:20  Roach x3  
  108  6:22  Roach x2  
  108  6:26  Roach x2  
  108  6:28  Roach  
  108  6:30  Roach  
  108  6:32  Roach  
  112  6:34  Roach  
  114  6:41  Roach x3  
  114  6:43  Queen x2  
  114  6:45  Roach  
  126  6:47  Ravager  
  126  6:52  Roach  
  126  6:53  Extractor  
  128  7:01  Roach  
  130  7:02  Overlord  
  130  7:03  Overlord  
  130  7:04  Zerg Missile Weapons Level 2  
  130  7:06  Overlord  
  130  7:09  Overlord  
  130  7:14  Glial Reconstitution  
  130  7:15  Evolution Chamber  
  129  7:17  Overlord  
  129  7:20  Queen  
  129  7:21  Overlord  
  131  7:25  Drone x2  
  131  7:26  Drone  
  131  7:27  Drone  
  135  7:31  Ravager x2, Drone  
  135  7:33  Overseer  
  138  7:40  Drone  
  139  7:45  Roach x3  
  139  7:50  Roach  
  147  7:52  Roach x4  
  147  7:53  Roach x2  
  147  7:55  Hatchery  
  158  8:01  Roach x3  
  158  8:04  Queen  
  166  8:07  Roach x2  
  166  8:11  Roach  
  172  8:13  Ravager x2  
  172  8:18  Overlord  
  172  8:19  Roach  
  176  8:22  Roach  
  178  8:27  Overlord  
  178  8:32  Overlord  
  178  8:39  Overlord  
  178  8:40  Roach x4  
  186  8:45  Roach  
  185  8:49  Overlord  
  185  8:50  Roach x2  
  185  8:51  Roach x2  
  185  8:53  Roach x2  
  197  8:58  Ravager  
  197  9:00  Roach  
  197  9:02  Overlord  
  200  9:10  Overlord  
  200  9:11  Overlord  
  200  9:16  Roach  
  200  9:17  Roach x2  
  200  9:18  Roach x3  
  200  9:21  Roach  
Tags
 
Add a new tag
Caveats
  • Supply blocks, unpowered buildings, or Contaminate may cause inaccurate times.
  • Supply counts are checked every 10 seconds.